 Dungeon Crawl Stone Soup version 0.29.1-1-gd02db6906a (webtiles) character file.

Game seed: 12923759747243587349

98 hawla the Grasshopper (level 5, 0/40 HPs)
             Began as a Meteoran Wanderer on Oct 8, 2022.
             Slain by an adder (2 damage)
             ... on level 2 of the Dungeon on Oct 9, 2022.
             The game lasted 00:08:21 (1082 turns).

hawla the Grasshopper (Meteoran Wanderer)           Turns: 1082, Time: 00:08:22

Health: 0/40       AC:  3    Str: 11    XL:     5   Next: 21%
Magic:  17/17      EV: 11    Int: 18    God:
Gold:   75         SH:  4    Dex: 13    Spells: 3/6 levels left

rFire   . . .      SeeInvis .   a - +0 dagger
rCold   . . .      Faith    .   b - +0 buckler
rNeg    . . .      Spirit   .   d - +0 robe
rPois   .          Reflect  .   j - +0 helmet
rElec   .          Harm     .   (no cloak)
rCorr   .          Rampage  .   (no gloves)
Will    .....                   (no boots)
Stlth   +.........              (no amulet)
HPRegen 0.13/turn               g - ring of magical power
MPRegen 0.15/turn               (no ring)

@: on berserk cooldown, glowing, invisible (but backlit and visible)
A: sense surroundings 1, otherworldly, glowing, explore regen
a: no special abilities


You were on level 2 of the Dungeon.
You visited 1 branch of the dungeon, and saw 3 of its levels.

You collected 75 gold pieces.

Inventory:

Hand Weapons
 a - a +0 dagger (weapon)
Armour
 b - a +0 buckler (worn)
 d - a +0 robe (worn)
 j - a +0 helmet (worn)
Jewellery
 g - a ring of magical power (left hand)
 i - a ring of fire
Potions
 c - a potion of degeneration
 n - a potion of magic
 o - a potion of berserk rage


   Skills:
 - Level 1.5 Fighting
 - Level 1.9 Short Blades
 - Level 1.2 Throwing
 - Level 1.0 Armour
 - Level 1.8 Dodging
 - Level 1.4 Shields
 - Level 1.4 Spellcasting
 - Level 6.5 Translocations
 * Level 1.7 Transmutations
 - Level 1.2 Evocations


You had 3 spell levels left.
You knew the following spells:

 Your Spells              Type           Power      Damage    Failure   Level
a - Apportation           Tloc           50%        N/A       1%          1
b - Wereblood             Tmut           7%         N/A       19%         2

Your spell library contained the following spells:

 Spells                   Type           Power      Damage    Failure   Level
 Lesser Beckoning         Tloc           25%        N/A       4%          3
 Teleport Other           Tloc           25%        N/A       4%          3
 Sublimation of Blood     Necr           1%         N/A       36%         2
 Petrify                  Tmut/Erth      4%         N/A       87%         4
 Irradiate                Conj/Tmut      2%         3d12      99%         5
 Summon Hydra             Summ           0%         N/A       100%        7


Dungeon Overview and Level Annotations

Branches:
Dungeon (3/15) Zot: 700

Altars:


Innate Abilities, Weirdness & Mutations

You passively map a small area around you.
You are easily found by Zot.
You glow in the dark.
You regain HP and MP as you explore.


Message History

c - a potion of degeneration The endoplasm freezes you.
You are frozen.
The kobold closely misses you.
It was a potion of invisibility.
You become transparent, but the glow from your body prevents you from becoming completely invisible.
The kobold hits you with a +0 dagger.
* * * LOW HITPOINT WARNING * * *
The endoplasm hits you.
* * * LOW HITPOINT WARNING * * *
You hit the endoplasm.
The endoplasm is heavily wounded.
The endoplasm freezes you.
You are frozen.
* * * LOW HITPOINT WARNING * * *
The kobold hits you with a +0 dagger.
* * * LOW HITPOINT WARNING * * *
You hit the endoplasm.
The endoplasm is severely wounded.
The endoplasm hits you but does no damage.
The kobold hits you but does no damage.
You hit the endoplasm.
The endoplasm is almost dead.
The endoplasm freezes you.
You are frozen.
* * * LOW HITPOINT WARNING * * *
The kobold hits you but does no damage.
Okay, then.
You hit the endoplasm.
You kill the endoplasm!
The kobold hits you but does no damage. The adder closely misses you.
You miss the adder.
The adder is moderately wounded.
The kobold hits you but does no damage. The adder bites you but does no damage.
You miss the adder.
The adder is moderately wounded.
The kobold hits you but does no damage. You block the adder's attack.
You closely miss the adder.
The adder is moderately wounded.
The adder bites you.
You die...

..............###
............).#
..............#
###..#........#
##..........#
...........####
#.....§........#
*#.....§......#S#
...K.§.....bK@#
.....§...######
.....§§§§#
,.........#
.........#
.........# *
####.....#
#######


You could see an adder, a bat and a kobold.

Vanquished Creatures
  Terence (D:3)
  2 adders
  3 dart slugs
  5 endoplasms
  3 giant cockroaches
  9 goblins
  2 hobgoblins (D:1)
  4 kobolds
  2 quokkas
  4 ball pythons
  7 bats
  3 frilled lizards
  4 rats
49 creatures vanquished.

Notes
Turn   | Place    | Note
-------+----------+-------------------------------------------
     0 | D:1      | hawla the Meteoran Wanderer began the quest for the Orb.
     0 | D:1      | hawla set off with the following items: a +0 dagger, a +0
                  | buckler, a potion of lignification, a +0 robe, a potion of
                  | curing; and the following spell memorised: Apportation; and
                  | the following spells available to memorise: Lesser
                  | Beckoning, Teleport Other.
     0 | D:1      | Reached XP level 1. HP: 16/16 MP: 3/3
    57 | D:1      | Found a faded altar of an unknown god.
    81 | D:1      | Reached XP level 2. HP: 14/23 MP: 5/5
   164 | D:1      | HP: 1/23 [dart slug/slug dart (2)]
   195 | D:1      | Reached skill level 1 in Dodging
   258 | D:1      | Reached XP level 3. HP: 23/28 MP: 6/6
   497 | D:1      | Glimpsed the power of Zot.
   565 | D:2      | Reached skill level 1 in Short Blades
   619 | D:2      | Reached XP level 4. HP: 35/35 MP: 7/7
   752 | D:2      | Reached skill level 1 in Armour
   946 | D:2      | Learned a level 2 spell: Wereblood
  1012 | D:2      | Noticed Terence
  1037 | D:3      | Killed Terence
  1038 | D:3      | Reached skill level 1 in Transmutations
  1038 | D:3      | Reached XP level 5. HP: 5/40 MP: 8/8
  1078 | D:2      | HP: 1/40 [frozen (3)]
  1082 | D:2      | Slain by an adder

Illustrated notes

Levels and vault maps discovered:
D:1:      dpeg_arrival_water_fire, layout_rooms, ebering_ecumenical_altar_ruins
D:2:      layout_basic, minivault_14, uniq_terence
D:3:      layout_rooms, guppyfry_early_orc_mine

Skill      XL: |  1  2  3  4 |
---------------+-------------+-----
Dodging        | 1 |  1.8
Short Blades   | 1 |  1.9
Armour         | 1 |  1.0
Transmutations | 1 |  1.7
Fighting       | |  1.5
Throwing       | |  1.2
Shields        | |  1.4
Spellcasting   | |  1.4
Translocations | |  6.5
Evocations     | |  1.2

Action                   |  1- 3 |  4- 6 || total
-------------------------+-------+-------++-------
Melee: Dagger            |   157 |   115 ||   272
 Cast: Apportation       |     6 |     3 ||     9
  Use: Potion            |     1 |     7 ||     8
       Scroll            |       |     8 ||     8
Armor: Robe              |    48 |    74 ||   122
Dodge: Dodged            |    72 |   103 ||   175
Block: Buckler           |    32 |    41 ||    73
